 Dungeon Crawl Stone Soup version 0.28-a0-1638-g9123634e07 (webtiles) character file.

Game seed: 6759669220470221573

41 hatsuma the Caller (level 3, 0/29 HPs)
             Began as a Barachi Summoner on Jan 25, 2022.
             Was a Follower of Zin.
             Succumbed to an adder's poison
             ... on level 2 of the Dungeon.
             The game lasted 00:07:49 (2127 turns).

hatsuma the Caller (Barachi Summoner)               Turns: 2127, Time: 00:07:49

Health: 0/29       AC:  2    Str:  9    XL:     3   Next: 52%
Magic:  4/6        EV: 12    Int: 17    God:    Zin [*.....]
Gold:   30         SH:  0    Dex: 12    Spells: 3/6 levels left

rFire   . . .      SeeInvis .   (no weapon)
rCold   . . .      Faith    .   (no shield)
rNeg    . . .      Spirit   .   a - +0 robe
rPois   .          Reflect  .   (no helmet)
rElec   .          Harm     .   (no cloak)
rCorr   .          Rampage  .   (no gloves)
Will    .....                   (no boots)
Stlth   ++........              (no amulet)
HPRegen 0.09/turn               (no ring)
MPRegen 0.10/turn               (no ring)

@: lethally poisoned (0 -> -4), slow
A: amphibious, slowness 1, strong legs 1, +LOS
a: Hop, Renounce Religion, Recite, Donate Gold


You were on level 2 of the Dungeon.
You worshipped Zin.
Zin was aware of your devotion.
You visited 1 branch of the dungeon, and saw 2 of its levels.

You collected 33 gold pieces.
You donated 3 gold pieces to Zin.

Inventory:

Armour
 a - a +0 robe (worn)
Scrolls
 c - 2 scrolls of teleportation {unknown}
 e - a scroll of enchant weapon {unknown}
 f - a scroll of summoning {unknown}
 g - a scroll of identify {unknown}
Potions
 b - a potion of invisibility {unknown}
 d - a potion of curing {unknown}


   Skills:
 - Level 3.0 Fighting
 - Level 2.1 Dodging
 - Level 1.7 Stealth
 - Level 2.1 Spellcasting
 - Level 5.1 Summonings
 + Level 0.7 Invocations


You had 3 spell levels left.
You knew the following spells:

 Your Spells              Type           Power      Damage    Failure   Level
a - Summon Small Mammal   Summ           76%        N/A       2%          1
b - Call Imp              Summ           19%        N/A       3%          2

Your spell library contained the following spells:

 Spells                   Type           Power      Damage    Failure   Level
 Call Canine Familiar     Summ           19%        N/A       7%          3
 Shock                    Conj/Air       4%         1d3       19%         1
 Summon Guardian Golem    Hex/Summ       10%        N/A       21%         3
 Swiftness                Air            1%         N/A       50%         3
 Summon Lightning Spire   Summ/Air       10%        N/A       54%         4
 Airstrike                Air            0%         N/A       88%         4


Dungeon Overview and Level Annotations

Branches:
Dungeon (2/15)

Altars:
Zin


Innate Abilities, Weirdness & Mutations

You are amphibious.
You cover ground slowly.
You can hop short distances.
You have an extended range of vision and can be seen from far away.


Message History

Casting: Summon Small Mammal (safe; 2% risk of failure)
Confirm with . or Enter, or press ? or * to list all spells.
The adder bites you.
You are poisoned.
The adder poisons you!
You feel sick. The adder barely misses you.
You feel sick. The adder closely misses your quokka.
A hobgoblin comes into view.
Your quokka bites the adder.
You feel sick. The adder closely misses your quokka.
The adder barely misses your quokka.
Your quokka barely misses the adder.
You feel sick. The adder bites your quokka.
Your quokka is poisoned.
The adder poisons your quokka!
Your quokka bites the adder.
You feel sick.
Your quokka dies!
Your quokka's corpse disappears in a puff of smoke!
Casting: Summon Small Mammal (safe; 2% risk of failure)
Confirm with . or Enter, or press ? or * to list all spells.
You feel sick.
You are no longer poisoned.
The adder bites you.
You miss the adder.
The adder is heavily wounded.
Your bat hits the adder. The adder bites you.
You are poisoned.
The adder poisons you!
Your bat completely misses the adder.
You closely miss the adder.
The adder is severely wounded.
You feel sick.
Your bat completely misses the adder.
The adder bites you.
* * * LOW HITPOINT WARNING * * *
You barely miss the adder.
The adder is severely wounded.
* * * LOW HITPOINT WARNING * * *
You feel sick. The adder bites you.
* * * LOW HITPOINT WARNING * * *
The adder closely misses you.
You barely miss the adder.
The adder is severely wounded.
You die...

#.#......# #.#..###.##
#.........#
....####..##..#
#........#...# ...
########.#...# #..
#....# #.#...# #.#
#.##.###S...# #.#
#.##...b@#..#
#.####.######.#.##
#....#.#......<..
#..#.#.#.####.#.##
#..#.#...†........
####....###.####.#.###
........###.# #.#.#
#####.......# #.#.#
###...### ..#


You could see an adder (ally target) and a friendly bat (summoned).

Vanquished Creatures
  2 dart slugs (D:1)
  A goblin (D:1)
  2 jackals (D:1)
  A bat (D:1)
  2 frilled lizards
  A kobold (D:2)
  A rat (D:1)
10 creatures vanquished.

Vanquished Creatures (collateral kills)
  A worm (D:2)
  A dart slug (D:2)
  A bat (D:1)
  3 endoplasms
  2 giant cockroaches (D:1)
  A goblin (D:1)
  A hobgoblin (D:1)
  5 jackals
  2 ball pythons (D:1)
  A kobold (D:1)
  2 rats (D:2)
20 creatures vanquished.

Grand Total: 30 creatures vanquished

Notes
Turn   | Place    | Note
-------+----------+-------------------------------------------
     0 | D:1      | hatsuma the Barachi Summoner began the quest for the Orb.
     0 | D:1      | Reached XP level 1. HP: 13/13 MP: 3/3
   105 | D:1      | Reached skill level 1 in Fighting
   161 | D:1      | Reached skill level 5 in Summonings
   161 | D:1      | Reached XP level 2. HP: 8/21 MP: 5/5
   629 | D:1      | Learned a level 2 spell: Call Imp
   639 | D:1      | Found a faded altar of an unknown god.
   646 | D:1      | Prayed at the altar of an unknown god.
   646 | D:1      | Became a worshipper of Zin the Law-Giver
   646 | D:1      | Reached * piety under Zin
  1149 | D:1      | Reached XP level 3. HP: 24/28 MP: 4/6
  2126 | D:2      | HP: 1/29 [adder (3)]
  2127 | D:2      | Succumbed to an adder's poison

Illustrated notes

Levels and vault maps discovered:
D:1:      lightli_arrival_noodles, layout_loops_ring,
          hellmonk_ecumenical_altar_crossroads
D:2:      layout_basic

Skill      XL: |  1  2  3 |
---------------+----------+-----
Fighting       | 1 2 3 |  3.0
Summonings     | 5 |  5.1
Dodging        | |  2.1
Stealth        | |  1.7
Spellcasting   | |  2.1
Invocations    | |  0.7

Action                   || total
-------------------------++-------
Melee: Unarmed           ||   108
       Punch             ||     1
 Cast: Summon Small Mamm ||    31
 Stab: Sleeping          ||     5
       Distracted        ||     1
Armor: Robe              ||    21
Dodge: Dodged            ||    95

Table legend: (Time is in decaauts)
 A = Elapsed time spent in this place.
 B = Non-inter-level travel time spent in this place.
 C = Inter-level travel time spent in this place.
 D = Time resting spent in this place.
 E = Time spent auto-exploring this place.
 F = Levels seen in this place.
 G = Mean time per level.
                   A        B        C        D        E       F      G
               +--------+--------+--------+--------+--------+-----+--------+
         Total |   2307 |   2285 |     22 |    328 |   1528 |   2 | 1153.5 |
       Dungeon |   2307 |   2285 |     22 |    328 |   1528 |   2 | 1153.5 |
               +--------+--------+--------+--------+--------+-----+--------+

Top non-repeatable levels by time:
     D:1: 1469 daAuts
     D:2: 838 daAuts
